 Dungeon Crawl Stone Soup version 0.20.1-1-g8b1a95d (webtiles) character file.

6414 buzzword the Transmogrifier (level 10, -3/63 HPs)
             Began as an Octopode Transmuter on July 13, 2017.
             Slain by an orc warrior
             ... wielding a +0 glaive
              (26 damage)
             ... on level 9 of the Dungeon.
             The game lasted 00:26:10 (14344 turns).

buzzword the Transmogrifier (Octopode Transmuter)  Turns: 14344, Time: 00:26:11

Health: -3/63      AC:  2    Str:  9    XL:     10   Next: 98%
Magic:  18/19      EV: 28    Int: 19    God:
Gold:   742        SH:  0    Dex: 18    Spells: 10/21 levels left

rFire    + . .     SeeInvis .     - Unarmed
rCold    x . .     Gourm    .   (shield currently unavailable)
rNeg     . . .     Faith    .   (helmet currently unavailable)
rPois    x         Spirit   .   m - amulet of magic regeneration
rElec    .         Reflect  .   e - ring of flight
rCorr    .         Harm     .   q - ring of fire
MR       .....                  (no ring)
Stlth    +.........             (no ring)
Regen    0.2/turn               (no ring)
MPRegen  0.3/turn               (no ring)
                                (no ring)
                                (no ring)

@: confused, spider-form
A: almost no armour, stealthy swim, (amphibious), 8 rings, (constrict 8)
a: End Transformation, Evoke Flight


You were on level 9 of the Dungeon.
You were hungry.
You were a venomous arachnid creature.
You visited 2 branches of the dungeon, and saw 11 of its levels.

You collected 742 gold pieces.

Inventory:

Hand Weapons
 d - a +0 dagger
 f - a +0 whip of electrocution
 o - a +1 dagger of venom
Missiles
 a - 139 arrows
 r - 6 poisoned javelins (quivered)
Jewellery
 e - a ring of flight (left front leg)
 m - an amulet of magic regeneration (around neck)
 q - a ring of fire (right front leg)
Scrolls
 k - 4 scrolls of remove curse
 p - a scroll of teleportation
 s - 2 scrolls of enchant armour
 x - a scroll of random uselessness
 y - a scroll of identify
Potions
 c - a potion of flight {unknown}
 i - a potion of ambrosia {unknown}
 j - a potion of agility {unknown}
 n - 2 potions of haste {unknown}
 z - a potion of might {unknown}
Books
 b - a book of Changes

   Spells                             Type                      Level
   a - Beastly Appendage              Transmutation                1
   b - Sticks to Snakes               Transmutation                2
   c - Spider Form                    Transmutation/Poison         3
   d - Ice Form                       Ice/Transmutation            4
   e - Blade Hands                    Transmutation                5
 w - a book of Callings

   Spells                             Type                      Level
   a - Summon Small Mammal            Summoning                    1
   b - Call Imp                       Summoning                    2
   c - Call Canine Familiar           Summoning                    3
   d - Summon Guardian Golem          Hexes/Summoning              3
   e - Summon Lightning Spire         Summoning/Air                4
   f - Summon Ice Beast               Ice/Summoning                4
Comestibles
 l - 3 fruits
 t - 2 bread rations
 v - 2 royal jellies


   Skills:
 - Level 3.4 Fighting
 + Level 8.5 Dodging
 + Level 8.2 Unarmed Combat
 + Level 6.1 Spellcasting
 - Level 9.3 Transmutations
 - Level 2.0 Poison Magic


You had 10 spell levels left.
You knew the following spells:

 Your Spells              Type           Power        Failure   Level  Hunger
a - Beastly Appendage     Tmut           #####.       2%          1    None
b - Sticks to Snakes      Tmut           #####...     3%          2    None
c - Spider Form           Tmut/Pois      ####......   11%         3    ##.....
d - Blade Hands           Tmut           #####.....   17%         5    #####..


Dungeon Overview and Level Annotations

Branches:
Dungeon (10/15)            Temple (1/1) D:5             Orc (0/2) D:10
   Lair: D:8-11

Altars:
Ashenzari
Cheibriados
Dithmenos
Elyvilon
Fedhas
Gozag
Hepliaklqana
Kikubaaqudgha
Makhleb
Nemelex Xobeh
Okawaru
Qazlal
Ru
Sif Muna
Trog
Uskayaw
Vehumet
Xom
Yredelemnul
Zin
The Shining One

Shops:
D:4 %

Annotations:
D:4 Pikel
D:10 Nergalle


Innate Abilities, Weirdness & Mutations

You cannot wear most types of armour.
You are very stealthy in the water. (Stealth+)
((You are amphibious.))
You can wear up to eight rings at the same time.
((You can use your tentacles to constrict eight enemies at once.))
((Your skin changes colour to match your surroundings (Stealth+).))
((Your rubbery body absorbs attacks. (AC +1, EV +1)))


Message History

The killer bee barely misses you. The killer bee completely misses you.
You miss the killer bee.
The killer bee is severely wounded.
The killer bee closely misses you. The killer bee misses you.
You bite the killer bee!
You kill the killer bee!
An orc wizard comes into view. It is wielding a dagger.
An orc warrior comes into view. It is wielding a glaive.
The orc wizard misses you.
You see here a killer bee corpse.
You closely miss the orc wizard.
The orc warrior shouts!
The orc wizard misses you.
You hit the orc wizard.
The orc wizard is poisoned.
The orc wizard is moderately wounded.
The orc warrior misses you.
The orc wizard gestures at you while chanting.
You are confused.
The orc warrior hits you from afar with a glaive!!
You die...

###..............
#.......#........
#.###############
#.# ..## #.# ...
#.####.#####
#.#..#.#.†o#
#####......#.#.#
............s.o.#
#########..##.#.....
#<...........#.####
########<.####.#
##.... .# #######


You could see an orc warrior and an orc wizard.

Vanquished Creatures
  Erica (D:9)
  An ugly thing (D:10)
  Psyche (D:9)
  A troll (D:7)
  2 hippogriffs
  A wyvern (D:9)
  A water moccasin (D:5)
  4 ice beasts
  A hornet zombie (D:10)
  4 orc warriors
  A phantom (D:8)
  3 slaves
  4 ogres
  3 centaurs
  5 bullfrogs
  Blork the orc (D:5)
  7 scorpions
  The ghost of appiemonkey the Shield-Bearer, a weakling MiFi (D:3)
  10 killer bees (D:9)
  An electric eel (D:8)
  A howler monkey (D:6)
  A bullfrog zombie (D:6)
  2 crimson imps
  A quasit (D:10)
  Crazy Yiuf (D:7)
  4 hounds
  4 jellies
  A centaur skeleton (D:6)
  8 orc priests
  5 orc wizards
  4 iguanas
  Jessica (D:3)
  Natasha (twice) (D:4)
  11 worker ants
  14 adders
  A shadow imp (D:8)
  2 oozes
  3 worms
  2 dart slugs (D:1)
  3 leopard geckos
  29 orcs
  9 bats
  7 giant cockroaches
  7 goblins
  9 hobgoblins
  11 jackals
  4 quokkas (D:2)
  9 frilled lizards
  7 kobolds
  A leopard gecko skeleton (D:4)
  8 rats
  2 plants (D:2)
227 creatures vanquished.

Vanquished Creatures (collateral kills)
  2 ogres
  A shadow imp (D:8)
  An orc (D:9)
  A kobold (D:1)
5 creatures vanquished.

Vanquished Creatures (others)
  2 plants (D:2)
2 creatures vanquished.

Grand Total: 234 creatures vanquished

Notes
Turn   | Place    | Note
-------+----------+-------------------------------------------
     0 | D:1      | buzzword the Octopode Transmuter began the quest for the Orb.
     0 | D:1      | Reached XP level 1. HP: 13/13 MP: 3/3
   218 | D:1      | Reached XP level 2. HP: 18/18 MP: 3/5
   383 | D:1      | Learned a level 2 spell: Sticks to Snakes
   517 | D:1      | Reached skill level 3 in Transmutations
   763 | D:1      | Reached XP level 3. HP: 16/23 MP: 4/6
  1406 | D:1      | Learned a level 3 spell: Spider Form
  1619 | D:2      | Found a shimmering altar of Xom.
  1680 | D:2      | Reached XP level 4. HP: 28/28 MP: 2/7
  2310 | D:2      | Reached skill level 1 in Poison Magic
  2447 | D:2      | Found a glowing golden altar of the Shining One.
  2786 | D:3      | Noticed Jessica
  2786 | D:3      | Noticed appiemonkey's ghost (weakling MiFi)
  2807 | D:3      | Killed Jessica
  2807 | D:3      | Reached skill level 4 in Transmutations
  2807 | D:3      | Reached XP level 5. HP: 31/33 MP: 3/8
  2844 | D:3      | HP: 1/33 [appiemonkey's ghost (12)]
  2846 | D:3      | Killed appiemonkey's ghost
  3291 | D:3      | Found a faded altar of an unknown god.
  3524 | D:3      | Found a sacrificial altar of Ru.
  3543 | D:3      | Reached XP level 6. HP: 26/38 MP: 7/9
  3762 | D:3      | Found a glowing silver altar of Zin.
  3762 | D:3      | Found a snail-covered altar of Cheibriados.
  3830 | D:4      | Found Tiggu's Food Emporium.
  4191 | D:4      | Found a shattered altar of Ashenzari.
  4502 | D:4      | Noticed a slave
  4509 | D:4      | Noticed Pikel
  4509 | D:4      | Noticed a slave
  4511 | D:4      | Noticed a slave
  4512 | D:4      | Noticed a slave
  4569 | D:3      | Killed a slave
  4699 | D:4      | Reached skill level 5 in Transmutations
  4965 | D:4      | Noticed Natasha
  4973 | D:4      | Killed Natasha
  4973 | D:4      | Reached XP level 7. HP: 45/45 MP: 6/10
  5181 | D:4      | Found a shimmering altar of Xom.
  5183 | D:4      | Found a white marble altar of Elyvilon.
  5186 | D:4      | Found a bloodstained altar of Trog.
  5452 | D:4      | Noticed Natasha
  5641 | D:4      | Killed Natasha
  6022 | D:5      | Entered Level 5 of the Dungeon
  6103 | D:5      | Found a staircase to the Ecumenical Temple.
  6103 | D:5      | Noticed Blork the orc
  6119 | D:5      | Killed Blork the orc
  6119 | D:5      | Reached skill level 6 in Transmutations
  6129 | Temple   | Entered the Ecumenical Temple
  6669 | D:5      | Reached skill level 5 in Unarmed Combat
  6787 | D:5      | Reached XP level 8. HP: 36/52 MP: 8/11
  7164 | D:5      | Reached skill level 7 in Transmutations
  7596 | D:6      | Reached skill level 8 in Transmutations
  7974 | D:6      | Found an opulent altar of Gozag.
  8049 | D:6      | Reached skill level 5 in Dodging
  8049 | D:6      | Reached XP level 9. HP: 57/57 MP: 9/12
  8104 | D:6      | Reached skill level 9 in Transmutations
  8806 | D:6      | Learned a level 5 spell: Blade Hands
  9298 | D:7      | Found a hide-covered altar of Uskayaw.
  9571 | D:7      | Found a sparkling altar of Nemelex Xobeh.
  9782 | D:7      | Noticed a troll
  9811 | D:7      | Killed a troll
 10411 | D:7      | Found a runed door.
 10818 | D:7      | Noticed Crazy Yiuf
 10830 | D:7      | Killed Crazy Yiuf
 10830 | D:7      | Reached XP level 10. HP: 47/63 MP: 8/16
 12210 | D:9      | Noticed Psyche
 12218 | D:9      | Noticed a five-headed hydra
 12226 | D:9      | Killed Psyche
 12226 | D:9      | Reached skill level 5 in Spellcasting
 12232 | D:10     | Entered Level 10 of the Dungeon
 12424 | D:10     | Noticed a two-headed ogre
 12445 | D:10     | Found a staircase to the Orcish Mines.
 12445 | D:10     | Noticed Nergalle
 12919 | D:10     | Noticed a green ugly thing
 12949 | D:10     | Killed a green ugly thing
 13419 | D:9      | Noticed Erica
 13741 | D:9      | Killed Erica
 14344 | D:9      | Slain by an orc warrior

Skill      XL: |  1  2  3  4  5  6  7  8  9 10 |
---------------+-------------------------------+-----
Transmutations | 3 4 5 6 8 9 |  9.3
Poison Magic   | 1 2 |  2.0
Unarmed Combat | 4 5 6 8 |  8.2
Fighting       | 2 3 |  3.4
Dodging        | 3 5 6 8 |  8.5
Spellcasting   | 4 6 |  6.1

Action                   |  1- 3 |  4- 6 |  7- 9 | 10-12 || total
-------------------------+-------+-------+-------+-------++-------
Melee: Unarmed           |    85 |   283 |   324 |   241 ||   933
       Constrict         |    15 |    19 |    10 |     3 ||    47
       Tentacles         |    18 |    21 |    11 |     5 ||    55
       Kick              |    12 |     7 |       |       ||    19
       Punch             |     1 |     4 |     2 |       ||     7
Throw: Javelin           |       |     1 |       |       ||     1
 Cast: Beastly Appendage |    20 |     6 |       |       ||    26
       Sticks to Snakes  |     2 |     1 |     8 |    11 ||    22
       Spider Form       |     1 |    27 |    42 |    25 ||    95
       Blade Hands       |       |       |       |     1 ||     1
  Use: Scroll            |     2 |     2 |     7 |     7 ||    18
       Potion            |       |     4 |     6 |     5 ||    15
 Stab: Sleeping          |       |     2 |     4 |     3 ||     9
       Distracted        |       |       |       |     1 ||     1
  Eat: Chunk             |     3 |    10 |     9 |     6 ||    28
       Bread ration      |       |     1 |     1 |       ||     2
       Meat ration       |       |       |     2 |       ||     2
       Fruit             |       |       |       |     8 ||     8
Armor: Skin              |     6 |    19 |    12 |     6 ||    43
Dodge: Dodged            |    56 |   177 |   268 |   259 ||   760
